 Dungeon Sprint DCSS version 0.30-a0-341-g682706514a (webtiles) character file.

Game seed: 4392165765592636316

942 Hubris850 the Transmogrifier (level 8, 0/97 HPs)
             Began as a Merfolk Transmuter on Nov 2, 2022.
             Was an Elder of Makhleb.
             Slain by a freezing wraith (11 damage)
             ... in the Dungeon (Sprint V: "Ziggurat Sprint").
             The game lasted 00:05:55 (660 turns).

Hubris850 the Transmogrifier (Merfolk Transmuter)    Turns: 660, Time: 00:05:56

Health: 0/97       AC: 11    Str: 13    XL:     8   Next: 12%
Magic:  27/29      EV: 10    Int: 18    God:    Makhleb [****..]
Gold:   0          SH:  5    Dex: 17    Spells: 18/23 levels left

rFire   . . .      SeeInvis .      - Unarmed
rCold   + + +      Faith    .    (shield currently unavailable)
rNeg    . . .      Spirit   .    (body armour currently unavailable)
rPois   +          Reflect  +    (helmet currently unavailable)
rElec   .          Harm     .    (cloak currently unavailable)
rCorr   .          Rampage  .    (gloves currently unavailable)
Will    .....      NoTele   +    (boots currently unavailable)
Stlth   ..........               H - amulet "Dorchiekk" {Reflect rF+ Dex+3 SH+5}
HPRegen 0.36/turn                x - +6 ring of intelligence
MPRegen 0.21/turn                F - ring "Marphe" {MP+9 Slay+4}

@: berserking, ice-form, slowed
A: freezing attack, boosted hp, large, (nimble swimmer 2), (mertail)
a: End Transformation, Renounce Religion, Minor Destruction, Lesser Servant of
Makhleb, Major Destruction


You were in the Dungeon.
You worshipped Makhleb.
Makhleb was greatly pleased with you.
You were a creature of crystalline ice.
You visited 1 branch

Inventory:

Hand Weapons
 E - the +8 lance "Wyrmbane" (melded) {slay drac, rPois rF+ rC+ AC+3}
   (You found it in the Dungeon)

   It inflicts extra damage against dragons and draconians.
   AC:        It affects your AC (+3).
   rF:        It protects you from fire.
   rC:        It protects you from cold.
   rPois:     It protects you from poison.
 G - a +5 long sword of electrocution
Armour
 a - a +0 robe (melded)
 r - a +3 buckler (melded)
 s - +5 fire dragon scales
 I - a +2 helmet of intelligence (melded)
Jewellery
 l - an amulet of the acrobat
 u - a ring of flight
 v - a +6 ring of dexterity
 w - a +6 ring of dexterity
 x - a +6 ring of intelligence (left front paw)
 y - a +6 ring of intelligence
 z - a +6 ring of strength
 A - a +6 ring of strength
 F - the ring "Marphe" (right front paw) {MP+9 Slay+4}
   (You found it in the Dungeon)

   [ring of slaying]

   Slay:      It affects your accuracy & damage with ranged weapons and melee
   (+4).
   MP:        It affects your magic capacity (+9).
 H - the amulet "Dorchiekk" (around neck) {Reflect rF+ Dex+3 SH+5}
   (You found it in the Dungeon)

   [amulet of reflection]

   It reflects blocked missile attacks.
   Dex:       It affects your dexterity (+3).
   rF:        It protects you from fire.
   SH:        It affects your SH (+5).
Wands
 B - a wand of mindburst (7)
 C - a wand of iceblast (7)
 D - a wand of acid (7)
Scrolls
 h - 4 scrolls of blinking
 n - 4 scrolls of amnesia
 o - 7 scrolls of fog
 p - 5 scrolls of identify
 q - 2 scrolls of fear
Potions
 b - a potion of lignification
 c - 10 potions of curing
 d - 6 potions of heal wounds
 e - 6 potions of haste
 f - 7 potions of magic
 g - a potion of berserk rage
 i - 2 potions of brilliance
 j - 2 potions of invisibility
 k - 4 potions of resistance
 m - 5 potions of might
Miscellaneous
 t - a lightning rod (4/4)


   Skills:
 - Level 1.1 Fighting
 - Level 2.6 Dodging
 + Level 9.7 Unarmed Combat
 - Level 8.3 Spellcasting
 - Level 11.6 Transmutations
 - Level 9.5 Ice Magic
 + Level 2.7 Invocations


You had 18 spell levels left.
You knew the following spells:

 Your Spells              Type           Power      Damage    Failure   Level
a - Beastly Appendage     Tmut           98%        N/A       1%          1
b - Ice Form              Ice/Tmut       45%        N/A       1%          4

Your spell library contained the following spells:

 Spells                   Type           Power      Damage    Failure   Level
 Wereblood                Tmut           49%        N/A       1%          2
 Spider Form              Tmut/Pois      28%        N/A       2%          3
 Summon Small Mammal      Summ           28%        N/A       10%         1
 Summon Guardian Golem    Hex/Summ       7%         N/A       28%         3
 Anguish                  Hex/Necr       3%         N/A       67%         4
 Enfeeble                 Hex            3%         N/A       100%        7
 Haunt                    Necr/Summ      3%         N/A       100%        7


Dungeon Overview and Level Annotations

Branches:
Dungeon (1/1)

Altars:
Ashenzari
Cheibriados
Dithmenos
Elyvilon
Fedhas
Gozag
Hepliaklqana
Kikubaaqudgha
Makhleb
Nemelex Xobeh
Okawaru
Qazlal
Ru
Sif Muna
Trog
Uskayaw
Vehumet
Wu Jian
Xom
Yredelemnul
Zin
The Shining One
Jiyva
Lugonu

Annotations:
D 1 transporter


Innate Abilities, Weirdness & Mutations

You are a creature of crystalline ice.
You have a powerful freezing melee attack.
Your maximum health is increased.
Your armour is entirely melded.
You are incapable of wielding weapons or throwing items.
((You are very nimble when in or above water. (Stealth+, EV+, Speed+++)))
((Your lower body shifts to a powerful aquatic tail in water.))


Message History

The freezing wraith closely misses you. x2; The ice devil barely misses you.
You block the ice devil's attack. The rime drake barely misses you.
The freezing wraith hits you but does no damage.
You block the freezing wraith's attack. The ice devil closely misses you.
The ice devil hits you. The ice devil freezes you. You resist.
* * * LOW HITPOINT WARNING * * *
You feel much better. The rime drake breathes ice at you.
The icy flash freeze misses you. The ice devil hits you.
The ice devil freezes you. You resist. You block the freezing wraith's attack.
The freezing wraith hits you but does no damage.
The rime drake bites you. You block the ice devil's attack.
Unknown command.
A red film seems to cover your vision as you go berserk!
You feel yourself moving faster!
You feel mighty!
The rime drake bites you but does no damage.
The freezing wraith hits you! The freezing wraith freezes you. You resist.
* * * LOW HITPOINT WARNING * * *
The freezing wraith barely misses you. The ice devil hits you.
* * * LOW HITPOINT WARNING * * *
The ice devil freezes you. You resist.
* * * LOW HITPOINT WARNING * * *
You block the ice devil's attack.
The rime drake bites you but does no damage.
The ice devil hits you.
* * * LOW HITPOINT WARNING * * *
The ice devil freezes you. You resist.
* * * LOW HITPOINT WARNING * * *
You block the ice devil's attack.
The freezing wraith completely misses you.
The freezing wraith hits you but does no damage.
Unknown command.
You pummel the ice devil!!
The ice devil is almost dead.
You block the rime drake's attack. The ice devil hits you.
* * * LOW HITPOINT WARNING * * *
The ice devil freezes you. You resist.
* * * LOW HITPOINT WARNING * * *
The ice devil barely misses you. The freezing wraith hits you!
You die...

▓▓▓▓▓▓▓▓▓▓▓▓▓▓▓▓▓▓▓
▓..8©8..▓ ▓..):[..▓
▓..[):..▓ ▓.......▓
▓.......▓ ▓...4...▓
▓.k4Wk..▓ ▓.▓4Y.▓.▓
▓...©...▓ ▓▓▓▓▓▓▓▓▓


You could see 3 ice devils, a freezing wraith and 2 rime drakes.

Vanquished Creatures
  A cyclops (D)
  A water moccasin (D)
  3 ogres (D)
  A phantom (D)
  A wight (D)
  A quasit (D)
  An iguana (D)
  2 adders (D)
  2 river rats (D)
  A white imp (D)
  An adder skeleton (D)
  A bat zombie (D)
  A ball python (D)
  A quokka skeleton (D)
18 creatures vanquished.

Notes
Turn   | Place    | Note
-------+----------+-------------------------------------------
     0 | D        | Hubris850 the Merfolk Transmuter began the quest for the
                  | Orb.
     0 | D        | Reached XP level 1. HP: 15/15 MP: 3/3
     0 | D        | Found a shimmering blue altar of Sif Muna.
     0 | D        | Found a sacrificial altar of Ru.
     0 | D        | Found a bloodstained altar of Trog.
     0 | D        | Found a stormy altar of Qazlal.
     0 | D        | Found an iron altar of Okawaru.
     0 | D        | Found a sparkling altar of Nemelex Xobeh.
     0 | D        | Found a blossoming altar of Fedhas.
     0 | D        | Found the +6 Majin-Bo {vamp, MP+6 Int+6}
     0 | D        | Found the +9 heavy crossbow "Sniper" {vorpal, Acc+∞ SInv}
     0 | D        | Found the +10 dark maul {vorpal}
     0 | D        | Found the +15 Maxwell's patent armour {-Cast -Tele rElec
                  | Will+ rCorr}
     0 | D        | Found the +18 shield of the Gong {rElec rN+ Will+ EV-5}
     0 | D        | Found the +14 obsidian axe {vorpal, Mesm Drain Fly SInv}
     0 | D        | Found the +7 great mace "Firestarter" {inner flame, rF++}
     0 | D        | Found the +6 shillelagh "Devastator" {shatter}
     0 | D        | Found the +11 plutonium sword {Contam Stlth-}
     0 | D        | Found the +8 lance "Wyrmbane" {slay drac, rPois rF+ rC+
                  | AC+3}
     0 | D        | Found the +9 sword of Zonguldrok {reap}
     0 | D        | Found the +13 scythe of Curses {drain, Drain}
     0 | D        | Found the +5 sword of Power {vorpal}
     0 | D        | Found the +7 mace of Variability {chain chaos}
     0 | D        | Found the +7 Singing Sword {vorpal, sonic wave}
     0 | D        | Found the +8 storm bow {elec, penet}
     2 | D        | Found a transporter.
     2 | D        | Found an ancient bone altar of Kikubaaqudgha.
     2 | D        | Found a viscous altar of Jiyva.
     2 | D        | Found a corrupted altar of Lugonu.
     2 | D        | Found a hazy altar of Hepliaklqana.
     2 | D        | Found a burning altar of Makhleb.
     2 | D        | Found an opulent altar of Gozag.
    57 | D        | Reached skill level 6 in Transmutations
    57 | D        | Reached XP level 2. HP: 21/21 MP: 4/7
    93 | D        | Became a worshipper of Makhleb the Destroyer
   101 | D        | Entered arena 2.
   101 | D        | Found a transporter.
   112 | D        | Reached * piety under Makhleb
   113 | D        | Reached skill level 5 in Spellcasting
   113 | D        | Reached skill level 7 in Transmutations
   113 | D        | Reached skill level 5 in Ice Magic
   113 | D        | Reached XP level 3. HP: 14/26 MP: 7/9
   164 | D        | Entered arena 3.
   164 | D        | Found a transporter.
   169 | D        | Reached XP level 4. HP: 29/32 MP: 9/11
   172 | D        | Reached skill level 8 in Transmutations
   184 | D        | Learned a level 4 spell: Ice Form
   246 | D        | Entered arena 4.
   246 | D        | Noticed a water moccasin
   246 | D        | Found a transporter.
   250 | D        | Killed a water moccasin
   250 | D        | Reached ** piety under Makhleb
   251 | D        | Reached XP level 5. HP: 35/37 MP: 4/13
   268 | D        | Got the ring "Marphe" {MP+9 Slay+4}
   389 | D        | Entered arena 5.
   389 | D        | Noticed an ogre
   389 | D        | Noticed an ogre
   389 | D        | Noticed a cyclops
   389 | D        | Noticed an ogre
   389 | D        | Found a transporter.
   392 | D        | Killed an ogre
   392 | D        | Reached *** piety under Makhleb
   393 | D        | Reached skill level 9 in Transmutations
   393 | D        | Reached XP level 6. HP: 9/43 MP: 15/15
   400 | D        | Killed a cyclops
   401 | D        | Reached skill level 11 in Transmutations
   401 | D        | Reached XP level 7. HP: 17/48 MP: 18/18
   410 | D        | Got the Octavo of Sidekicks
   537 | D        | Entered arena 6.
   537 | D        | Found a transporter.
   539 | D        | Reached **** piety under Makhleb
   543 | D        | Reached skill level 1 in Invocations
   543 | D        | Reached XP level 8. HP: 54/54 MP: 20/20
   557 | D        | Got the amulet "Dorchiekk" {Reflect rF+ Dex+3 SH+5}
   651 | D        | Entered arena 7.
   651 | D        | Noticed an ice devil
   651 | D        | Noticed a rime drake
   651 | D        | Noticed an ice devil
   651 | D        | Noticed an ice devil
   651 | D        | Noticed a rime drake
   651 | D        | Noticed a freezing wraith
   655 | D        | Found a transporter.
   660 | D        | Slain by a freezing wraith

Illustrated notes

Levels and vault maps discovered:
D:        sprint_v [room_start, room_1, room_2, room_3, room_4, room_5, room_6,
          room_7, room_8, room_9, room_10, room_11, room_12, room_13, room_14,
          room_15, room_16, room_17, room_18, room_19, room_20, room_21,
          room_22, room_23, room_24, room_25, room_26, room_27]

Skill      XL: |  1  2  3  4  5  6  7  8 |
---------------+-------------------------+-----
Spellcasting   | 4 5 6 8 |  8.3
Transmutations | 6 7 8 9 11 | 11.6
Ice Magic      | 4 5 6 7 9 |  9.5
Unarmed Combat | 8 9 |  9.7
Invocations    | 1 2 |  2.7
Fighting       | |  1.1
Dodging        | |  2.6

Action                   |  1- 3 |  4- 6 |  7- 9 || total
-------------------------+-------+-------+-------++-------
Melee: Lance             |    12 |     3 |       ||    15
       Unarmed           |       |    20 |    15 ||    35
 Cast: Beastly Appendage |     1 |       |       ||     1
       Ice Form          |       |     2 |     2 ||     4
Invok: Major Destruction |       |       |     3 ||     3
  Use: Potion            |     1 |     2 |     4 ||     7
Armor: Robe              |    12 |       |       ||    12
       Skin              |       |     9 |    16 ||    25
Dodge: Dodged            |    16 |    10 |    16 ||    42
Block: Buckler           |    12 |       |       ||    12
       Other             |       |       |     7 ||     7

Table legend: (Time is in decaauts)
 A = Elapsed time spent in this place.
 B = Non-inter-level travel time spent in this place.
 C = Inter-level travel time spent in this place.
 D = Time resting spent in this place.
 E = Time spent auto-exploring this place.
 F = Levels seen in this place.
 G = Mean time per level.
                   A        B        C        D        E       F      G
               +--------+--------+--------+--------+--------+-----+--------+
         Total |    662 |    662 |      0 |    432 |      0 |   1 |  662.0 |
       Dungeon |    662 |    662 |      0 |    432 |      0 |   1 |  662.0 |
               +--------+--------+--------+--------+--------+-----+--------+

Top non-repeatable levels by time:
       D: 662 daAuts
